 Dungeon Crawl Stone Soup version 0.29.1-14-g9c671dbff4 (webtiles) character file.

Game seed: 12595738172208288313

109 BabyfaceFinlayson the Ogre Mage (level 4, -1/39 HPs)
             Began as an Ogre Fire Elementalist on Feb 19, 2023.
             Slain by a sky beast (6 damage)
             ... on level 3 of the Dungeon.
             The game lasted 00:08:49 (3112 turns).

BabyfaceFinlayson the Ogre Mage (OgFE)              Turns: 3112, Time: 00:08:50

Health: -1/39      AC:  3    Str: 12    XL:     4   Next: 90%
Magic:  8/10       EV: 10    Int: 18    God:
Gold:   1158       SH:  0    Dex:  9    Spells: 5/11 levels left

rFire   . . .      SeeInvis .   k - +0 dagger
rCold   . . .      Faith    .   (no shield)
rNeg    . . .      Spirit   .   a - +0 robe
rPois   .          Reflect  .   (helmet restricted)
rElec   .          Harm     .   (no cloak)
rCorr   .          Rampage  .   (gloves unavailable)
Will    .....                   (boots unavailable)
Stlth   +.........              (no amulet)
HPRegen 0.13/turn               (no ring)
MPRegen 0.12/turn               (no ring)

@: very slightly contaminated, studying Necromancy
A: large, unfitting armour, tough skin 1
a: no special abilities


You were on level 3 of the Dungeon.
You visited 1 branch of the dungeon, and saw 3 of its levels.

You collected 1158 gold pieces.

Inventory:

Hand Weapons
 k - a +0 dagger (weapon)
Armour
 a - a +0 robe (worn)
Scrolls
 d - 4 scrolls of brand weapon {unknown}
 e - a scroll of amnesia {unknown}
Potions
 f - a potion of heal wounds {unknown}
 g - a potion of haste {unknown}
 j - a potion of brilliance {unknown}
 l - a potion of degeneration {unknown}
 m - a potion of might {unknown}


   Skills:
 + Level 2.0 Dodging
 + Level 1.4 Stealth
 + Level 4.1 Spellcasting
 + Level 1.2 Conjurations
 + Level 3.7 Fire Magic


You had 5 spell levels left.
You knew the following spells:

 Your Spells              Type           Power      Damage    Failure   Level
a - Foxfire               Conj/Fire      48%        2x1d6     5%          1
b - Scorch                Fire           34%        2d6       4%          2
c - Inner Flame           Hex/Fire       10%        N/A       21%         3

Your spell library contained the following spells:

 Spells                   Type           Power      Damage    Failure   Level
 Conjure Flame            Conj/Fire      12%        6-21      16%         3
 Flame Wave               Conj/Fire      12%        2d6       45%         4


Dungeon Overview and Level Annotations

Branches:
Dungeon (3/15)

Altars:

Annotations:
D:1 1 transporter


Innate Abilities, Weirdness & Mutations

You are too large for most types of armour.
You have tough skin. (AC +1)


Message History

The sky beast hits you. The sky beast shocks you.
The foxfire hits the sky beast.
The sky beast is burned terribly!
The sky beast is severely wounded.
The ball python bites you.
The ball python attacks as you move away!
The ball python bites you but does no damage.
The sky beast attacks as you move away! The sky beast hits you.
The sky beast shocks you.
The sky beast flickers out of sight!
Deactivating autopickup; reactivate with Ctrl-A.
You hear the brisk rusting of a drain very nearby.
The ball python bites you but does no damage.
Something hits you. Something shocks you.
The ball python attacks as you move away!
The ball python bites you.
Casting: Foxfire (safe; 5% risk of failure)
Confirm with . or Enter, or press ? or * to list all spells.
You conjure some foxfire!
The ball python completely misses you.
A sky beast appears from thin air!
Reactivating autopickup.
The sky beast hits you. The sky beast shocks you.
* * * LOW HITPOINT WARNING * * *
The sky beast attacks as you move away! The sky beast barely misses you.
The ball python attacks as you move away!
The ball python bites you but does no damage.
A giant cockroach comes into view.
The foxfire hits the ball python.
The ball python is moderately wounded.
The foxfire hits the ball python.
You kill the ball python!
Magic courses through your body. The hobgoblin hits you.
* * * LOW HITPOINT WARNING * * *
The sky beast hits you but does no damage.
Casting: Foxfire (safe; 5% risk of failure)
Confirm with . or Enter, or press ? or * to list all spells.
Flames lash the hobgoblin.
You kill the hobgoblin!
The sky beast hits you.
* * * LOW HITPOINT WARNING * * *
The sky beast shocks you.
You die...

#. #.....+........# ##
#######....##### +##
#....#
...######..############
......[....†...........
.......................
.......................
.......................
.......@Y..............
..............?........
..>....######..........
....... #..........
.....B. ...........
....... ............
....... .............
.......


You could see a sky beast and a giant cockroach.

Vanquished Creatures
  5 gnolls
  An adder (D:2)
  4 ball pythons
  4 endoplasms
  4 giant cockroaches
  5 goblins
  6 hobgoblins
  5 jackals
  4 quokkas (D:2)
  2 bats
  4 frilled lizards
  2 kobolds
  3 rats
49 creatures vanquished.

Vanquished Creatures (others)
  76 foxfires
  17 plants (D:2)
93 creatures vanquished.

Grand Total: 142 creatures vanquished

Notes
Turn   | Place    | Note
-------+----------+-------------------------------------------
     0 | D:1      | BabyfaceFinlayson the Ogre Fire Elementalist began the
                  | quest for the Orb.
     0 | D:1      | Reached XP level 1. HP: 16/16 MP: 3/3
   493 | D:1      | Reached XP level 2. HP: 24/24 MP: 2/5
   496 | D:1      | Learned a level 2 spell: Scorch
   616 | D:1      | Reached skill level 1 in Conjurations
  1538 | D:2      | Reached XP level 3. HP: 31/31 MP: 4/7
  1542 | D:2      | Learned a level 3 spell: Inner Flame
  1569 | D:2      | Found a faded altar of an unknown god.
  1644 | D:2      | Reached skill level 3 in Spellcasting
  1968 | D:2      | Reached XP level 4. HP: 39/39 MP: 0/9
  2609 | D:2      | Identified a scroll of acquirement
  2609 | D:2      | Acquired 1011 gold pieces
  2856 | D:3      | Reached skill level 4 in Spellcasting
  3094 | D:3      | Noticed a sky beast
  3112 | D:3      | Slain by a sky beast

Illustrated notes

Levels and vault maps discovered:
D:1:      spicycebolla_arrival_transporter_tutorial, layout_basic,
          serial_curves, eino_curves_04, eino_curves_01
D:2:      wad_woods_tower, layout_loops_ring, hellmonk_ecumenical_altar_zigzags
D:3:      layout_basic, portal_sewer_entry_a

Skill      XL: |  1  2  3  4 |
---------------+-------------+-----
Fire Magic     | 3 |  3.7
Conjurations   | 1 |  1.2
Spellcasting   | 3 4 |  4.1
Dodging        | 2 |  2.0
Stealth        | |  1.4

Action                   |  1- 3 |  4- 6 || total
-------------------------+-------+-------++-------
Melee: Dagger            |       |     4 ||     4
 Cast: Foxfire           |    31 |    18 ||    49
       Scorch            |    16 |    15 ||    31
  Use: Scroll            |       |     3 ||     3
       Potion            |       |     1 ||     1
Armor: Robe              |     6 |    16 ||    22
Dodge: Dodged            |    20 |    16 ||    36
